 Dungeon Crawl Stone Soup version 0.18.1-1-g2f07953 (webtiles) character file.

266 apsalar the Charlatan (level 6, -11/57 HPs)
             Began as a Deep Dwarf Artificer on May 6, 2016.
             Mangled by an ogre
             ... wielding a cursed +0 giant spiked club
              (29 damage)
             ... on level 4 of the Dungeon.
             The game lasted 00:15:41 (3095 turns).

apsalar the Charlatan (Deep Dwarf Artificer)        Turns: 3095, Time: 00:15:42

Health: -11/57     AC:  8    Str: 19    XL:     6   Next: 0%
Magic:  9/9        EV: 11    Int: 12    God:
Gold:   170        SH:  0    Dex: 15    Spells: 0 memorised, 5 levels left

rFire  . . .     SeeInvis .     u - +0 mace (holy)
rCold  . . .     Gourm    .     z - +0 ring mail {rN+}
rNeg   + . .     Faith    .     (no shield)
rPois  .         Spirit   .     p - +1 helmet
rElec  .         Dismiss  .     (no cloak)
rCorr  +         Reflect  .     n - +0 pair of gloves
SustAt .         Harm     .     (no boots)
MR     .....                    (no amulet)
Stlth  +.........               m - +4 ring of strength
                                l - ring of resist corrosion

@: non-regenerating, not resistant to hostile enchantments, very unstealthy
A: damage resistance, recharge devices, sense surroundings 1, slow regeneration
3
a: Device Recharging


You were on level 4 of the Dungeon.
You were not hungry.

You visited 1 branch of the dungeon, and saw 4 of its levels.

You collected 170 gold pieces.

Inventory:

Hand Weapons
 a - a +0 short sword
 o - a +1 spear of freezing
 u - a +0 mace of holy wrath (weapon)
Missiles
 x - 2 tomahawks of returning (quivered)
Armour
 b - a +0 leather armour
 n - a +0 pair of gloves (worn)
 p - a +1 helmet (worn)
 z - a +0 ring mail of positive energy (worn)
Jewellery
 l - a ring of resist corrosion (left hand)
 m - a +4 ring of strength (right hand)
Wands
 c - a wand of flame (7/48)
 d - a wand of enslavement (15/24)
 e - a wand of random effects (15/48)
 f - a wand of heal wounds (4/9)
Scrolls
 i - a scroll of remove curse
 k - a scroll of amnesia {unknown}
 y - 2 scrolls of teleportation
Potions
 h - a potion of berserk rage
 j - a potion of lignification {unknown}
 r - a potion of curing {unknown}
 s - 2 potions of haste
 v - a potion of resistance
Comestibles
 g - 3 bread rations
 q - a chunk of flesh


   Skills:
 + Level 3.6 Fighting
 - Level 1.9 Short Blades
 * Level 1.6 Maces & Flails
 - Level 2.1 Dodging
 - Level 1.2 Stealth
 + Level 6.0 Evocations


You had 5 spell levels left.
You didn't know any spells.

Dungeon Overview and Level Annotations

Branches:
Dungeon (4/15)
 Temple: D:4-7

Altars:


Innate Abilities, Weirdness & Mutations

You are resistant to damage.
You can recharge devices by infusing magical energy.
You passively map a small area around you.
You do not regenerate naturally.


Message History

You have reached level 6!
Your experience leads to an increase in your attributes!
Your base attributes are Str 15, Int 12, Dex 14.
Increase (S)trength, (I)ntelligence, or (D)exterity?
You feel agile.
You see here an adder corpse.
You butcher the adder corpse.
q - a chunk of flesh You see here an adder skeleton.
An ogre comes into view. It is wielding a giant spiked club.
The ogre shouts!
The ogre hits you with a giant spiked club!
You hit the ogre.
The ogre is moderately wounded.
The ogre hits you with a giant spiked club!
You hit the ogre.
The ogre is moderately wounded.
The ogre hits you with a giant spiked club!!
Ouch! That really hurt!
You die...

#.#**,**#.#.........### #....
ยง.# *,* #.#...##....#*** #....
### *.###.....##.......* #....
*.........##...###.* #....
*#####...###.#...,,# **#....
#...###.#####*****...#..
***#....##.# *,,,,,,*,###.#
#......#...###,,,,,,,,..... ##
#.##...###@..#,,,,,,*,###.# .#
#,*#.#.#*#O.......,,*,,,... .#
*,*#.#..*#.#.##.##***,###.# .##
*,*#.#..*#........* *,,.... ..#
*,,..#..,#..,.....#######.# .##
*****#.*,#................. .#
###,*,#.................
.#########..,*,..................
........##.#,**,,,,..............


You could see an ogre.

Vanquished Creatures
  A giant frog skeleton (D:4)
  Jessica (D:2)
  An iguana (D:4)
  Natasha (D:2)
  Robin (D:2)
  4 adders
  2 worms (D:2)
  A dart slug (D:1)
  2 giant geckos (D:3)
  6 orcs (D:3)
  2 ball pythons
  4 giant cockroaches
  14 goblins
  8 hobgoblins
  10 jackals
  15 kobolds
  10 bats
  4 giant newts
  11 rats
98 creatures vanquished.

Notes
Turn   | Place    | Note
--------------------------------------------------------------
     0 | D:1      | apsalar the Deep Dwarf Artificer began the quest for the Orb.
     0 | D:1      | Reached XP level 1. HP: 16/16 MP: 3/3
    39 | D:1      | Reached skill level 1 in Short Blades
    41 | D:1      | Reached skill level 1 in Fighting
   476 | D:1      | Reached XP level 2. HP: 16/25 MP: 5/5
   888 | D:1      | Reached XP level 3. HP: 25/32 MP: 6/6
  1400 | D:2      | Noticed Robin
  1435 | D:2      | Killed Robin
  1610 | D:2      | Reached XP level 4. HP: 30/40 MP: 7/7
  1660 | D:2      | Noticed Jessica
  1679 | D:2      | Killed Jessica
  1798 | D:2      | Reached skill level 5 in Evocations
  1966 | D:2      | Reached XP level 5. HP: 36/49 MP: 8/8
  2119 | D:2      | Noticed Natasha
  2135 | D:2      | Killed Natasha
  2927 | D:4      | Reached skill level 1 in Maces & Flails
  3074 | D:4      | Reached skill level 6 in Evocations
  3074 | D:4      | Reached XP level 6. HP: 38/57 MP: 9/9
  3095 | D:4      | Mangled by an ogre

Skill      XL: |  1  2  3  4  5 |
---------------+----------------+-----
Short Blades   | 1 |  1.9
Fighting       | 1 2 3 |  3.6
Evocations     | 5 6 |  6.0
Maces & Flails | 1 |  1.6
Dodging        | |  2.1
Stealth        | |  1.2

Action                   |  1- 3 |  4- 6 || total
-------------------------+-------+-------++-------
Melee: Short sword       |   170 |   140 ||   310
       Mace              |       |    55 ||    55
 Abil: Device Recharging |       |     1 ||     1
Evoke: Wand              |     3 |    12 ||    15
  Use: Scroll            |     1 |     7 ||     8
       Potion            |       |     1 ||     1
 Stab: Sleeping          |     3 |     2 ||     5
  Eat: Chunk             |     2 |     4 ||     6
       Meat ration       |       |     1 ||     1
Armor: Leather armour    |    46 |    51 ||    97
       Ring mail         |       |    19 ||    19
Dodge: Dodged            |   117 |   156 ||   273
